 Dungeon Crawl Stone Soup version 0.21-a0-509-gecc5317 (webtiles) character file.

158 kibaces the Magician (level 5, 0/28 HPs)
             Began as a Deep Elf Air Elementalist on Nov 30, 2017.
             Slain by Natasha (8 damage)
             ... on level 2 of the Dungeon.
             The game lasted 00:11:15 (3089 turns).

kibaces the Magician (Deep Elf Air Elementalist)    Turns: 3089, Time: 00:11:16

Health: 0/28       AC:  3    Str:  5    XL:     5   Next: 16%
Magic:  3/14       EV: 13    Int: 21    God:
Gold:   57         SH:  0    Dex: 15    Spells: 6/13 levels left

rFire    . . .     SeeInvis .   (no weapon)
rCold    . . .     Gourm    .   (no shield)
rNeg     . . .     Faith    .   a - +0 robe
rPois    .         Spirit   .   (no helmet)
rElec    .         Reflect  .   (no cloak)
rCorr    .         Harm     .   (no gloves)
MR       .....                  g - +0 pair of boots
Stlth    ++........             (no amulet)
HPRegen  0.09/turn              (no ring)
MPRegen  0.14/turn              (no ring)

@: no status effects
A: no striking features
a: no special abilities


You were on level 2 of the Dungeon.
You were not hungry.

You visited 1 branch of the dungeon, and saw 3 of its levels.

You collected 57 gold pieces.

Inventory:

Armour
 a - a +0 robe (worn)
 g - a +0 pair of boots (worn)
Jewellery
 i - an uncursed ring of fire {unknown}
Scrolls
 e - 2 scrolls of remove curse {unknown}
 h - a scroll of identify {unknown}
 n - a scroll of enchant weapon {unknown}
Potions
 d - 2 potions of lignification {unknown}
 f - a potion of magic {unknown}
 k - 2 potions of curing {unknown}
 m - a potion of agility {unknown}
Books
 b - a book of Air

   Spells                             Type                      Level
   a - Shock                          Conjuration/Air              1
   b - Swiftness                      Charms/Air                   2
   c - Static Discharge               Conjuration/Air              3
   d - Airstrike                      Air                          4
   e - Lightning Bolt                 Conjuration/Air              5
Comestibles
 c - 3 bread rations
 j - a chunk of flesh
 l - a royal jelly


   Skills:
 + Level 0.1 Fighting
 + Level 2.6 Dodging
 + Level 2.7 Stealth
 + Level 4.9 Spellcasting
 + Level 2.7 Conjurations
 + Level 4.2 Air Magic


You had 6 spell levels left.
You knew the following spells:

 Your Spells              Type           Power        Failure   Level  Hunger
a - Shock                 Conj/Air       ###.         2%          1    None
b - Swiftness             Chrm/Air       ##......     7%          2    None
c - Airstrike             Air            ###.......   19%         4    ####...


Dungeon Overview and Level Annotations

Branches:
Dungeon (3/15)

Altars:
The Shining One

Annotations:
D:2 Natasha, Sigmund


Message History

Aim: Natasha (heavily wounded)
The zap misses Natasha.
Natasha claws you but does no damage.
Casting: Shock
Confirm with . or Enter, or press ? or * to list all spells.
Aiming: Shock
Press: ? - help, Shift-Dir - straight line, f/p - Natasha
Aim: Natasha (heavily wounded)
The zap hits Natasha.
Natasha is severely wounded.
Natasha claws you.
* * * LOW HITPOINT WARNING * * *
Casting: Shock
Confirm with . or Enter, or press ? or * to list all spells.
Aiming: Shock
Press: ? - help, Shift-Dir - straight line, f/p - Natasha
Aim: Natasha (severely wounded)
The zap hits Natasha.
Natasha appears unharmed.
Natasha is severely wounded.
Natasha claws you!
You die...

#.# #.....####.#.######
#.# #....)# ##'#@.....#
#.# #.....# #.........#
#.# ###.#####.........#
#.# #.....'.........#
#.# #######..h......#
#.# #.........+
#.############.........#
#.........@h...........+
'
############...........#
# #...........#
#.....###### #.....#
#.....# #.....# #.....#
#.....#


You could see Natasha.

Vanquished Creatures
  An orc wizard (D:3)
  A worker ant (D:3)
  2 gnolls (D:3)
  3 adders (D:3)
  A worm (D:2)
  3 leopard geckos
  2 orcs (D:3)
  4 bats
  2 giant cockroaches
  4 goblins
  5 hobgoblins
  5 jackals
  11 kobolds
  7 frilled lizards
  3 rats
54 creatures vanquished.

Notes
Turn   | Place    | Note
-------+----------+-------------------------------------------
     0 | D:1      | kibaces the Deep Elf Air Elementalist began the quest for the Orb.
     0 | D:1      | Reached XP level 1. HP: 10/10 MP: 6/6
   205 | D:1      | Reached XP level 2. HP: 15/15 MP: 6/8
   214 | D:1      | Learned a level 2 spell: Swiftness
  1013 | D:2      | Noticed Natasha
  1295 | D:2      | Reached XP level 3. HP: 19/19 MP: 5/9
  1631 | D:2      | Noticed Sigmund
  1970 | D:3      | Reached XP level 4. HP: 9/24 MP: 6/12
  2233 | D:3      | Learned a level 4 spell: Airstrike
  2529 | D:3      | Found a glowing golden altar of the Shining One.
  2756 | D:3      | Reached XP level 5. HP: 28/28 MP: 8/14
  3089 | D:2      | Slain by Natasha

Vault maps used:
D:1:      lightli_arrival_farm
D:2:      first_bread, uniq_natasha, uniq_sigmund
D:3:      nicolae_tso_swordbearing_angel

Skill      XL: |  1  2  3 |
---------------+----------+-----
Spellcasting   | 4 |  4.9
Conjurations   | 2 |  2.7
Air Magic      | 4 |  4.2
Fighting       | |  0.1
Dodging        | |  2.6
Stealth        | |  2.7

Action                   |  1- 3 |  4- 6 || total
-------------------------+-------+-------++-------
 Cast: Shock             |    71 |    69 ||   140
  Eat: Chunk             |     3 |     3 ||     6
Armor: Robe              |     6 |     1 ||     7
Dodge: Dodged            |    21 |     7 ||    28

Table legend:
 A = Spawn XP
 B = Non-spawn XP
 C = Spawn XP percentage of total XP
 D = Spawn monster count
 E = Non-spawn monster count
 F = Spawn count percentage of total count
 G = Total turns spent on level
                    A         B        C        D         E        F      G
               +---------+---------+-------+---------+---------+-------+---------
         Total |       0 |     227 |   0.0 |       0 |      54 |   0.0 |  3089
               +---------+---------+-------+---------+---------+-------+---------
           D:1 |       0 |      25 |   0.0 |       0 |      15 |   0.0 |   945
           D:2 |       0 |      29 |   0.0 |       0 |      15 |   0.0 |   818
           D:3 |       0 |     173 |   0.0 |       0 |      24 |   0.0 |  1326
               +---------+---------+-------+---------+---------+-------+---------
